 Dungeon Crawl Stone Soup version 0.28.0-1-gb440e238dd (webtiles) character file.

Game seed: 13135543541302984105

96 fragbeetle the Bolt Thrower (level 4, 0/37 HPs)
             Began as a Minotaur Hunter on Feb 24, 2022.
             Killed from afar by an orc wizard (6 damage)
             ... with a magic dart
             ... on level 3 of the Dungeon.
             The game lasted 00:02:09 (2195 turns).

fragbeetle the Bolt Thrower (Minotaur Hunter)       Turns: 2195, Time: 00:02:09

Health: 0/37       AC:  6    Str: 17    XL:     4   Next: 41%
Magic:  3/3        EV: 14    Int:  8    God:
Gold:   111        SH:  0    Dex: 12    Spells: 3/3 levels left

rFire   . . .      SeeInvis .   f - +0 mace (vorpal)
rCold   . . .      Faith    .   (no shield)
rNeg    . . .      Spirit   .   h - +0 scale mail
rPois   .          Reflect  .   (helmet restricted)
rElec   .          Harm     .   (no cloak)
rCorr   .          Rampage  .   (no gloves)
Will    .....                   (no boots)
Stlth   ..........              (no amulet)
HPRegen 0.12/turn               j - +4 ring of evasion
MPRegen 0.08/turn               (no ring)

@: no status effects
A: horns 2, retaliatory headbutt
a: no special abilities


You were on level 3 of the Dungeon.
You visited 1 branch of the dungeon, and saw 3 of its levels.

You collected 111 gold pieces.

Inventory:

Hand Weapons
 a - a +1 hand crossbow
 f - a +0 vorpal mace (weapon)
 l - a +2 mace of holy wrath
Missiles
 d - 38 bolts
Armour
 h - a +0 scale mail (worn)
Jewellery
 b - a ring of see invisible
 g - a ring of fire
 j - a +4 ring of evasion (left hand)
Scrolls
 e - 2 scrolls of identify {unknown}
Potions
 c - a potion of resistance {unknown}
 i - 3 potions of degeneration {unknown}
 k - a potion of haste {unknown}


   Skills:
 - Level 2.4 Fighting
 + Level 6.5 Crossbows
 - Level 2.1 Dodging
 - Level 0.7 Stealth


You had 3 spell levels left.
You didn't know any spells.
Your spell library contained the following spells:

 Spells                   Type           Power      Damage    Failure   Level
 Animate Armour           Summ/Erth      0%         N/A       100%        4
 Blade Hands              Tmut           0%         N/A       100%        5
 Iron Shot                Conj/Erth      0%         9d1       100%        6


Dungeon Overview and Level Annotations

Branches:
Dungeon (3/15)

Altars:
Okawaru


Innate Abilities, Weirdness & Mutations

You have a pair of horns on your head.
You reflexively headbutt those who attack you in melee.


Message History

You hit the orc. Your headbutt misses the orc.
The orc is severely wounded.
You hear some strange, mumbled words.
You are confused.
The orc barely misses you. Something hits you but does no damage.
The orc closely misses you.
You miss the orc.
The orc is severely wounded.
Something hits you. The orc barely misses you.
You hit the orc but do no damage.
The orc is severely wounded.
Something hits you. The orc barely misses you. The orc misses you.
You hear some strange, mumbled words.
A puff of flame appears from out of thin air!
The puff of flame hits you.
You bump into the rock wall.
The orc closely misses you. Something hits you but does no damage.
You hear some strange, mumbled words.
A puff of flame appears from out of thin air!
The puff of flame hits you.
* * * LOW HITPOINT WARNING * * *
The orc hits you from afar with a +0 trident.
* * * LOW HITPOINT WARNING * * *
Something hits you.
* * * LOW HITPOINT WARNING * * *
The orc hits you from afar with a +0 trident.
* * * LOW HITPOINT WARNING * * *
Things that are here:
a +0 dagger; a boomerang You feel less confused.
The orc completely misses you.
You hit the orc.
You kill the orc!
A rat comes into view.
Something hits you but does no damage.
You completely miss something.
You hear some strange, mumbled words.
A magic dart appears from out of thin air!
The magic dart hits you.
You die...

.............###.
#.#...............
.............###.#
.............# #.# .
###..........# #.# .. #
#..........# #.# ..r
###..........# #.# >...
..)..#..##..## #.##.....
#.##.##.....####@)..#
#..#...###.....){#####.#
##.....###.............#
#####......##..........#
###....##(###......<...#
#...#...#.# ####.....#.#
..#####...### ####....!
..# ##....# ..... ..#
#....# .....


You could see a rat.

Vanquished Creatures
  Jessica (D:2)
  2 adders (D:3)
  2 worms
  A dart slug (D:2)
  3 orcs (D:3)
  A ball python (D:3)
  3 endoplasms
  3 giant cockroaches
  6 goblins
  2 hobgoblins
  4 quokkas
  4 bats (D:1)
  5 frilled lizards
  2 kobolds
39 creatures vanquished.

Notes
Turn   | Place    | Note
-------+----------+-------------------------------------------
     0 | D:1      | fragbeetle the Minotaur Hunter began the quest for the Orb.
     0 | D:1      | Reached XP level 1. HP: 18/18 MP: 0/0
   336 | D:1      | Reached XP level 2. HP: 25/25 MP: 1/1
   339 | D:1      | Reached skill level 5 in Crossbows
   596 | D:1      | Found a faded altar of an unknown god.
  1031 | D:2      | Found an iron altar of Okawaru.
  1205 | D:2      | Reached XP level 3. HP: 14/30 MP: 2/2
  1434 | D:2      | Noticed Jessica
  1438 | D:2      | Killed Jessica
  1439 | D:2      | Reached skill level 6 in Crossbows
  1750 | D:3      | Reached XP level 4. HP: 37/37 MP: 3/3
  2195 | D:3      | Killed from afar by an orc wizard

Illustrated notes

Levels and vault maps discovered:
D:1:      dpeg_arrival_pond, layout_rooms, shapermc_ecumenical_altar_venn
D:2:      layout_basic, basic_altar, uniq_jessica
D:3:      layout_rooms

Skill      XL: |  1  2  3 |
---------------+----------+-----
Crossbows      | 5 6 |  6.5
Fighting       | |  2.4
Dodging        | |  2.1
Stealth        | |  0.7

Action                   |  1- 3 |  4- 6 || total
-------------------------+-------+-------++-------
Melee: Short sword       |    15 |       ||    15
       Mace              |    53 |    23 ||    76
       Headbutt          |     7 |     2 ||     9
       Punch             |     1 |       ||     1
 Fire: Hand crossbow     |     1 |       ||     1
Armor: Ring mail         |     4 |       ||     4
       Leather armour    |     3 |       ||     3
       Scale mail        |    22 |    10 ||    32
Dodge: Dodged            |    50 |    22 ||    72
